 Dungeon Crawl Stone Soup version 0.23.1 (webtiles) character file.

Game seed: 0

9879 Kairos the Cleaver (level 11, -2/56 HPs)
             Began as a Vine Stalker Fighter on Mar 2, 2019.
             Was a High Priest of Okawaru.
             Slain by a meliai
             ... wielding a +0 war axe
              (4 damage)
             ... on level 9 of the Dungeon.
             The game lasted 00:14:45 (7744 turns).

Kairos the Cleaver (Vine Stalker Fighter)           Turns: 7744, Time: 00:14:46

Health: -2/56      AC: 16    Str: 22    XL:     11   Next: 53%
Magic:  0/12       EV: 14    Int:  8    God:    Okawaru [*****.]
Gold:   558        SH: 14    Dex: 23    Spells: 10/10 levels left

rFire    . . .     SeeInvis +   z - +2 hand axe (elec)
rCold    . . .     Gourm    .   c - +0 shield
rNeg     . . .     Faith    .   O - +2 chain mail {MR+}
rPois    .         Spirit   +   (no helmet)
rElec    .         Reflect  .   (no cloak)
rCorr    .         Harm     .   I - +0 pair of gloves
MR       ++...                  P - +0 pair of boots of Bots {Dex+4}
Stlth    +.........             j - amulet of the acrobat
HPRegen  0.58/turn              C - +5 ring of dexterity
MPRegen  0.13/turn              J - ring of see invisible

@: heroism
A: fangs 3, regeneration 1, magic shield, antimagic bite, no potion heal 3, rot
immunity
a: Heroism, Finesse, Renounce Religion


You were on level 9 of the Dungeon.
You worshipped Okawaru.
Okawaru was extremely pleased with you.
You were not hungry.

You visited 1 branch of the dungeon, and saw 10 of its levels.
You also visited: Sewer.

You collected 684 gold pieces.
You spent 126 gold pieces at shops.

Inventory:

Hand Weapons
 a - a +0 war axe
 z - a +2 hand axe of electrocution (weapon)
 D - a +0 morningstar of freezing
 E - a +2 whip of freezing
Missiles
 b - 3 silver tomahawks (quivered)
Armour
 c - a +0 shield (worn)
 I - a +0 pair of gloves (worn)
 O - a +2 chain mail of magic resistance (worn)
 P - the +0 pair of boots of Bots (worn) {Dex+4}
   (Okawaru gifted it to you on level 9 of the Dungeon)

   It affects your dexterity (+4).
Jewellery
 j - an amulet of the acrobat (around neck)
 C - a +5 ring of dexterity (left hand)
 J - a ring of see invisible (right hand)
 M - an uncursed ring of protection from cold
Wands
 o - a wand of digging (10)
 H - a wand of iceblast (8)
Scrolls
 e - 6 scrolls of teleportation
 m - 4 scrolls of fear
 r - 2 scrolls of enchant armour {unknown}
 w - a scroll of noise {unknown}
 x - 3 scrolls of amnesia
 y - 2 scrolls of fog
 A - a scroll of random uselessness {unknown}
 F - 2 scrolls of remove curse
 G - a scroll of magic mapping
 K - a scroll of identify
 N - 2 scrolls of blinking {unknown}
Potions
 d - a potion of might
 g - 3 potions of agility
 h - a potion of lignification
 i - 2 potions of haste
 k - 7 potions of curing
 l - 2 potions of degeneration {unknown}
 n - a potion of brilliance {unknown}
 p - 3 potions of resistance
 q - a potion of ambrosia {unknown}
 s - a potion of heal wounds
 t - a potion of invisibility {unknown}
 v - 2 potions of flight {unknown}
 B - 3 potions of magic
 Q - a potion of mutation {unknown}
Miscellaneous
 u - a phial of floods
Comestibles
 f - 16 rations


   Skills:
 + Level 5.8(10.8) Fighting
 * Level 12.0(17.0) Axes
 + Level 5.8(10.8) Armour
 + Level 3.9(8.9) Dodging
 + Level 1.0(6.0) Stealth
 + Level 6.7(11.7) Shields
 + Level 0.9 Invocations


You had 10 spell levels left.
You didn't know any spells.
Your spell library was empty.

Dungeon Overview and Level Annotations

Branches:
Dungeon (11/15)            Temple (0/1) D:7             Orc (0/2) D:9
   Lair: D:8-11

Altars:
Hepliaklqana
Makhleb
Okawaru
Qazlal
Ru
Wu Jian
Xom
Yredelemnul

Shops:
D:5 [


Innate Abilities, Weirdness & Mutations

You have razor-sharp teeth.
Your natural rate of healing is unusually fast.
When hurt, damage is shared between your health and your magic reserves.
Your bite disrupts and absorbs the magic of your enemies.
Potions cannot restore your health.
You are immune to rotting.


Message History

You are too injured to fight recklessly!
Your system rejects the healing.
You feel better. The meliai hits you but does no damage.
The meliai barely misses you.
The ice beast hits you but does no damage.
The meliai mumbles some strange prayers to its god against you.
Something smites you!
* * * LOW HITPOINT WARNING * * *
You hit the meliai but do no damage. Your bite misses the meliai.
The meliai is severely wounded.
You hit the ice beast but do no damage.
Lightning courses through the ice beast!
You kill the ice beast!
Okawaru accepts your kill.
The meliai calls down the wrath of its god upon you.
Something smites you!
* * * LOW HITPOINT WARNING * * *
You miss the meliai. Your bite misses the meliai.
The meliai is severely wounded.
You block the meliai's attack. The meliai stings you.
You die...

...................#
##.###.#####.#####..
...###.# #.# ###++##
..#.##.# #.# ##.......
.#####.# #.###........
..####.#####.##.........
###.........##...[......
#######.###...........
#(##....@y......
#(##..........?.
#(##.......≈..≈.
#.)'..........$.
........'..........(.
#########.......≈..≈.
#............
#............ ##........


You could see a meliai.

Vanquished Creatures
  Josephine (D:10)
  Harold (D:10)
  Erica (D:9)
  Pikel (D:4)
  2 cyclopes (D:11)
  An ugly thing (D:11)
  A hippogriff (D:7)
  Sigmund (D:4)
  7 wraiths
  3 yaks (D:11)
  A hungry ghost (D:11)
  Edmund (D:6)
  Duvessa (D:7)
  A water moccasin (D:11)
  A porcupine (D:9)
  An eye of draining (D:9)
  2 orc warriors (D:9)
  A sky beast (D:10)
  An ice beast (D:9)
  2 phantoms
  4 ogres
  4 centaurs
  A crocodile (D:9)
  A gnoll sergeant (D:10)
  8 bullfrogs
  Dowan (D:7)
  2 scorpions
  7 wights
  A howler monkey (D:5)
  A bullfrog zombie (D:9)
  2 crimson imps
  6 hounds
  A quasit (D:9)
  An orc priest (D:9)
  9 orc wizards
  A gnoll shaman (D:6)
  2 bullfrog skeletons
  7 iguanas
  2 worker ants
  18 gnolls
  16 adders
  A shadow imp (D:10)
  3 oozes
  An adder zombie (D:4)
  5 worms
  3 dart slugs
  8 leopard geckos
  50 orcs
  15 bats
  8 giant cockroaches
  2 gnoll zombies (D:3)
  11 goblins
  4 hobgoblins
  10 jackals
  6 quokkas
  7 ball pythons
  12 frilled lizards
  12 kobolds
  12 rats
  A fungus (D:9)
297 creatures vanquished.

Notes
Turn   | Place    | Note
-------+----------+-------------------------------------------
     0 | D:1      | Kairos the Vine Stalker Fighter began the quest for the
                  | Orb.
     0 | D:1      | Reached XP level 1. HP: 11/11 MP: 2/2
    42 | D:1      | Reached skill level 2 in Axes
    45 | D:1      | Reached XP level 2. HP: 9/16 MP: 3/3
   287 | D:1      | Reached XP level 3. HP: 18/19 MP: 4/4
   800 | D:2      | Gained mutation: Your natural rate of healing is unusually
                  | fast. [Vine Stalker growth]
   800 | D:2      | Reached XP level 4. HP: 23/23 MP: 5/5
   992 | D:1      | Reached skill level 3 in Axes
  1169 | D:2      | Reached XP level 5. HP: 28/28 MP: 6/6
  1489 | D:3      | Found a burning altar of Makhleb.
  1517 | D:3      | Found a glowing drain.
  1562 | Sewer    | Entered a sewer
  1703 | Sewer    | Reached skill level 4 in Axes
  1703 | Sewer    | Reached XP level 6. HP: 32/32 MP: 7/7
  1905 | Sewer    | Reached skill level 1 in Dodging
  2558 | D:3      | Found a hazy altar of Hepliaklqana.
  2774 | D:3      | Found an ornate altar of the Wu Jian Council.
  2774 | D:3      | Found a stormy altar of Qazlal.
  2915 | D:3      | Found a basalt altar of Yredelemnul.
  3138 | D:3      | Reached XP level 7. HP: 36/36 MP: 8/8
  3366 | D:4      | You fall through a shaft!
  3366 | D:5      | Entered Level 5 of the Dungeon
  3415 | D:5      | Reached skill level 5 in Axes
  3636 | D:4      | Found a shimmering altar of Xom.
  3719 | D:4      | Noticed Pikel
  3753 | D:4      | Killed Pikel
  3753 | D:4      | Reached skill level 6 in Axes
  3753 | D:4      | Gained mutation: You have razor-sharp teeth. [Vine Stalker
                  | growth]
  3753 | D:4      | Reached XP level 8. HP: 30/42 MP: 6/9
  3870 | D:4      | Noticed Sigmund
  4007 | D:4      | Killed Sigmund
  4581 | D:5      | Reached skill level 7 in Axes
  4595 | D:5      | Found Fiack's Antique Armour Shoppe.
  5038 | D:5      | Found a sacrificial altar of Ru.
  5098 | D:5      | Bought a glowing scale mail for 126 gold pieces
  5238 | D:6      | Found an iron altar of Okawaru.
  5261 | D:6      | Reached XP level 9. HP: 38/45 MP: 7/10
  5270 | D:6      | Became a worshipper of Warmaster Okawaru
  5310 | D:6      | Noticed Edmund
  5318 | D:6      | Reached skill level 8 in Axes
  5318 | D:6      | Reached skill level 1 in Stealth
  5334 | D:6      | Killed Edmund
  5656 | D:7      | Noticed Dowan
  5661 | D:7      | Noticed Duvessa
  5668 | D:7      | Killed Duvessa
  5668 | D:7      | Reached * piety under Okawaru
  5672 | D:7      | Killed Dowan
  5696 | D:7      | Reached skill level 5 in Shields
  5745 | D:7      | Reached skill level 9 in Axes
  6102 | D:7      | Found a staircase to the Ecumenical Temple.
  6122 | D:7      | You fall through a shaft for 3 floors!
  6122 | D:10     | Entered Level 10 of the Dungeon
  6220 | D:10     | Reached ** piety under Okawaru
  6247 | D:10     | Noticed Josephine
  6251 | D:10     | Reached XP level 10. HP: 51/51 MP: 8/11
  6255 | D:10     | Reached skill level 5 in Armour
  6264 | D:10     | Killed Josephine
  6264 | D:10     | Reached skill level 10 in Axes
  6278 | D:10     | Reached *** piety under Okawaru
  6324 | D:10     | Reached skill level 5 in Fighting
  6562 | D:10     | Noticed Harold
  6583 | D:10     | Killed Harold
  6583 | D:10     | Reached **** piety under Okawaru
  6651 | D:11     | Noticed a cyclops
  6702 | D:11     | Killed a cyclops
  6702 | D:11     | Reached skill level 11 in Axes
  6702 | D:11     | Reached XP level 11. HP: 47/56 MP: 12/12
  6775 | D:11     | Noticed a red ugly thing
  6785 | D:11     | Killed a red ugly thing
  6872 | D:11     | Noticed a cyclops
  6895 | D:11     | Killed a cyclops
  6895 | D:11     | Reached ***** piety under Okawaru
  7381 | D:9      | Found a staircase to the Orcish Mines.
  7574 | D:9      | Noticed Erica
  7591 | D:9      | Killed Erica
  7591 | D:9      | Received a gift from Okawaru
  7641 | D:9      | Got a pair of steaming boots {god gift}
  7647 | D:9      | Identified the +0 pair of boots of Bots {Dex+4} (Okawaru
                  | gifted it to you on level 9 of the Dungeon)
  7723 | D:9      | Reached skill level 12 in Axes
  7743 | D:9      | HP: 1/56 [meliai/divine providence (10)]
  7744 | D:9      | Slain by a meliai

Skill      XL: |  1  2  3  4  5  6  7  8  9 10 11 |
---------------+----------------------------------+-----
Axes           | 2 3 4 6 7 9 11 12 | 12.0
Shields        | 3 4 5 6 |  6.7
Fighting       | 3 4 5 |  5.8
Armour         | 3 4 5 |  5.8
Dodging        | 1 2 3 |  3.9
Stealth        | 1 |  1.0
Invocations    | |  0.9

Action                   |  1- 3 |  4- 6 |  7- 9 | 10-12 || total
-------------------------+-------+-------+-------+-------++-------
Melee: War axe           |   103 |   206 |    21 |       ||   330
       Bite              |    25 |    68 |    97 |   100 ||   290
       Staff             |       |    29 |       |       ||    29
       Hand axe          |       |       |   252 |   225 ||   477
Invok: Heroism           |       |       |     1 |     7 ||     8
Evoke: Wand              |       |       |     1 |       ||     1
  Use: Scroll            |     4 |     6 |     3 |       ||    13
       Potion            |       |       |       |     1 ||     1
  Eat: Chunk             |       |     8 |     6 |     3 ||    17
       Ration            |       |       |     1 |     1 ||     2
Armor: Scale mail        |    68 |    82 |    57 |    15 ||   222
       Chain mail        |       |       |       |    36 ||    36
Dodge: Dodged            |    44 |   110 |    88 |    72 ||   314
Block: Shield            |    79 |   141 |   140 |   119 ||   479
